AoeStats
← JermWorm

Arabia

508768845Analyzed
1v1 RM · 10d ago on Sep 24, 2026· 34m 52s· 2 players
Game mode
Random Map
Map size
Tiny (2 player)
Population
200
Speed
Normal
Resources
Standard
Victory
Conquest
Starting age
Dark Age
Ending age
Imperial Age
RankedLock teamsTeams togetherTeam positionsShared explorationLock speedFull tech treeHidden civsTurbo modeCheats
Victory
Defeat
🇨🇴 Varangians · Colombia
1383
+16
🇺🇸 Teutons · United States
1379
-16
JermWorm
5:13 Loom
9:53 Feudal Age
10:40 Double-Bit Axe
15:54 Horse Collar
22:48 Castle Age
20:48 Gold Mining
22:57 Bloodlines
23:34 Scale Barding Armor
24:54 Chain Barding Armor
25:33 Forging
27:34 Wheelbarrow
28:18 Iron Casting
34:07 Bow Saw
JacobHaftel89
6:54 Loom
9:11 Feudal Age
12:30 Double-Bit Axe
12:58 Horse Collar
16:57 Bloodlines
23:36 Castle Age
22:04 Forging
22:00 Scale Barding Armor
24:52 Iron Casting
24:55 Chain Barding Armor
24:55 Bow Saw
25:38 Wheelbarrow
25:14 Arson
25:42 Squires
25:44 Scale Mail Armor
29:42 Chain Mail Armor
32:00 Heavy Plow
32:40 Husbandry
Connection lost

Rejoining the realm…

Still unreachable

The connection could not be restored.

Session expired

The server has moved on; the page needs a fresh start.